 Dungeon Crawl Stone Soup version 0.32-a0-913-g739538afd8 (webtiles) character file.

Game seed: 1984998075238050060

48 GeoRichter the Firebug (level 3, 1/28 HPs)
             Began as a Naga Fire Elementalist on Apr 9, 2024.
             Quit the game on level 2 of the Dungeon.
             The game lasted 00:03:14 (1224 turns).

GeoRichter the Firebug (Naga Fire Elementalist)     Turns: 1224, Time: 00:03:15

Health: 1/28       AC:  3    Str:  9    XL:     3   Next: 72%
Magic:  0/6        EV:  9    Int: 16    God:
Gold:   51         SH:  0    Dex: 15    Spells: 3/6 levels left

rFire   . . .        f - +3 dagger
rCold   . . .        (no shield)
rNeg    . . .        a - +0 robe
rPois   +            d - +1 hat
rElec   .            (no cloak)
rCorr   .            (no gloves)
SInv    +            (no barding)
Will    .....        (no amulet)
Stlth   ++           (no ring)
HPRegen 0.24/turn    (no ring)
MPRegen 0.10/turn

%: no passive effects
@: lethally poisoned (1 -> -4), very slow
A: AC +1, large, see invisible, deformed body, poison resistance, slowness 2,
spit poison 1, naga tail 1, agile 1
a: Spit Poison


You were on level 2 of the Dungeon.
You visited 1 branch of the dungeon, and saw 2 of its levels.

You collected 51 gold pieces.

Inventory:

Hand Weapons
 f - a +3 dagger (weapon)
   (You took it off a goblin on level 1 of the Dungeon)
Armour
 a - a +0 robe (worn)
 d - a +1 hat (worn)
   (You found it on level 1 of the Dungeon)
 k - the orb "Wesut" {*channel, SInv Alchemy}
   (You found it on level 2 of the Dungeon)

   SInv:      It lets you see invisible.
   Alchemy:   It increases the power of your Alchemy spells.
Jewellery
 j - a ring of flight
   (You found it on level 2 of the Dungeon)
Scrolls
 c - a scroll of identify {unknown}
 g - a scroll of poison {unknown}
 h - a scroll of blinking {unknown}
 i - a scroll of silence {unknown}
Potions
 b - a potion of magic


   Skills:
 - Level 1.5 Dodging
 - Level 3.0 Stealth
 + Level 2.1 Spellcasting
 - Level 1.0 Conjurations
 * Level 4.4 Fire Magic


You had 3 spell levels left.
You knew the following spells:

 Your Spells              Type           Power      Damage    Failure   Level
a - Foxfire               Conj/Fire      40%        2x1d6     7%          1
b - Scorch                Fire           32%        2d6       4%          2

Your spell library contained the following spells:

 Spells                   Type           Power      Damage    Failure   Level
 Inner Flame              Hex/Fire       8%         N/A       24%         3
 Volatile Blastmotes      Fire/Tloc      16%        2d11      24%         3
 Flame Wave               Conj/Fire      10%        2d6       54%         4


Dungeon Overview and Level Annotations

Branches:
Dungeon (2/15) Zot: 10496

Altars:


Innate Abilities, Weirdness & Mutations

Your serpentine skin is tough. (AC +1)
You have supernaturally acute eyesight. (SInv)
Armour fits poorly on your strangely shaped body.
Your system is resistant to poisons. (rPois)
You cover ground very slowly.
You can spit poison.
You have a snake-like lower body.
You are agile. (Dex +4, Str/Int -1)


Message History

The adder is heavily wounded.
The adder bites you but does no damage.
You completely miss the adder.
The adder is heavily wounded.
The adder bites you. The adder bites you but does no damage.
You completely miss the adder.
The adder is heavily wounded.
The adder bites you but does no damage. The endoplasm freezes you.
You are frozen.
You barely miss the adder.
The adder is heavily wounded.
The adder bites you. The endoplasm freezes you.
You are frozen.
You miss the adder.
The adder is moderately wounded.
The adder barely misses you. The adder closely misses you.
The endoplasm freezes you.
You are frozen.
* * * LOW HITPOINT WARNING * * *
Casting: Foxfire (safe; 6% risk of failure)
Press: ? - help, Q - select action, (/) - cycle Dir - look around, f - activate You conjure some foxfire!
The adder bites you.
* * * LOW HITPOINT WARNING * * *
You are poisoned.
The adder poisons you! The endoplasm freezes you.
You are frozen.
* * * LOW HITPOINT WARNING * * *
It was a potion of mutation.
You feel extremely strange.
You feel agile.
* * * LOW HITPOINT WARNING * * *
You feel sick.
The foxfire hits the endoplasm.
The endoplasm is moderately wounded.
The foxfire hits the endoplasm.
The endoplasm is almost dead.
The adder bites you.
* * * LOW HITPOINT WARNING * * *
A kobold comes into view. It is wielding a +0 short sword.
The endoplasm hits you but does no damage.
Unknown command.
Saving game... please wait.
Welcome back, GeoRichter the Naga Fire Elementalist.
Press ? for a list of commands and other information.
Welcome back, GeoRichter the Naga Fire Elementalist.
Press ? for a list of commands and other information.
Unknown command.
Are you sure you want to abandon this character and quit the game? (Confirm with "yes".)

.... ..##........ ...r
#..#......<.. ...#
............ ...# $.
#........... ...# #..
....[...... ...## .#...#
....>.....
##..##........#.........
# ....... #...JS......
##......# ###.@†......
...[..... #§§.......
#v.##...# #.........
#.## # .#.......K #J#
#.##......# .(# #.
##.#.## .## ## .#.# # .#
#


You could see an adder, an endoplasm and a kobold (wandering).

Vanquished Creatures
  2 adders (D:2)
  4 endoplasms
  4 hobgoblins (D:1)
  2 kobolds (D:1)
  2 quokkas (D:1)
  5 ball pythons
  5 goblins (D:1)
  6 rats
30 creatures vanquished.

Vanquished Creatures (others)
  55 foxfires
55 creatures vanquished.

Grand Total: 85 creatures vanquished

Notes
Turn   | Place    | Note
-------+----------+-------------------------------------------
     0 | D:1      | GeoRichter the Naga Fire Elementalist began the quest for
                  | the Orb.
     0 | D:1      | Reached XP level 1. HP: 15/15 MP: 3/3
   337 | D:1      | Reached XP level 2. HP: 12/22 MP: 1/5
   421 | D:1      | Learned a level 2 spell: Scorch
   666 | D:1      | Reached skill level 4 in Fire Magic
   697 | D:1      | Reached XP level 3. HP: 28/28 MP: 4/6
  1115 | D:2      | Identified the orb "Wesut" {*channel, SInv Alchemy}
  1223 | D:2      | Gained mutation: You are agile. (Dex +4, Str/Int -1)
                  | [potion of mutation]
  1223 | D:2      | HP: 1/28 [adder (3)]
  1224 | D:2      | Quit the game

Illustrated notes

Levels and vault maps discovered:
D:1:      erik_arrival_triangle_huge, layout_loops_cross
D:2:      layout_rooms

Skill      XL: |  1  2 |
---------------+-------+-----
Fire Magic     | 4 |  4.4
Dodging        | |  1.5
Stealth        | |  3.0
Spellcasting   | |  2.1
Conjurations   | |  1.0

Action                     || total
---------------------------++-------
  Melee: Spear             ||     3
         Dagger            ||    17
   Cast: Foxfire           ||    34
         Scorch            ||     3
    Use: Potion            ||     1
   Stab: Sleeping          ||     2
         Distracted        ||     1
 Armour: Robe              ||    20
  Dodge: Dodged            ||    12

Table legend: (Time is in decaauts)
 A = Elapsed time spent in this place.
 B = Non-inter-level travel time spent in this place.
 C = Inter-level travel time spent in this place.
 D = Time resting spent in this place.
 E = Time spent auto-exploring this place.
 F = Levels seen in this place.
 G = Mean time per level.
                   A        B        C        D        E       F      G
               +--------+--------+--------+--------+--------+-----+--------+
         Total |   1503 |   1474 |     29 |     24 |   1196 |   2 |  751.5 |
       Dungeon |   1503 |   1474 |     29 |     24 |   1196 |   2 |  751.5 |
               +--------+--------+--------+--------+--------+-----+--------+

Top non-repeatable levels by time:
     D:1: 1329 daAuts
     D:2: 173 daAuts
